BSA
KALAMAZOO ROYALE WITH CHEESE @ AUSTIN RIVER SHARKS
04/12/2024
 
TOP OF THE 1ST
Kalamazoo Royale with Cheese batting - Pitching for Austin River Sharks : RHP Ramón Estrada
Pitching: RHP Ramón Estrada
Batting: LHB Bryce Hopkins 0-0: Called Strike
0-1: Foul Ball, location: 2F
0-2: Strikes out looking
Batting: RHB Eugenio Lucero 0-0: Swinging Strike
0-1: Fly out, F3 (Popup, 3SF)
Batting: LHB Robbie McLaughlin 0-0: Fly out, F9 (Flyball, 9D)
Top of the 1st over - 0 run(s), 0 hit(s), 0 error(s), 0 left on base; Kalamazoo 0 - Austin 0
BOTTOM OF THE 1ST
Austin River Sharks batting - Pitching for Kalamazoo Royale with Cheese : RHP José Salazar
Pitching: RHP José Salazar
Batting: RHB Tyler Wagner 0-0: Ball
1-0: Fly out, F8 (Flyball, 8LM)
Batting: SHB Juan Castro 0-0: Called Strike
0-1: Called Strike
0-2: Fly out, F7 (Flyball, 7LM)
Batting: LHB Roberto García 0-0: Ball
1-0: Swinging Strike
1-1: Swinging Strike
1-2: Ball
2-2: Fly out, F7 (Flyball, 7D)
Bottom of the 1st over - 0 run(s), 0 hit(s), 0 error(s), 0 left on base; Kalamazoo 0 - Austin 0
TOP OF THE 2ND
Kalamazoo Royale with Cheese batting - Pitching for Austin River Sharks : RHP Ramón Estrada
Batting: LHB Stan Hickman 0-0: Ball
1-0: Ball
2-0: Called Strike
2-1: Foul Ball, location: 2F
2-2: SOLO HOME RUN (Flyball, 9D), Distance : 464 ft
Batting: RHB Run-ming Zhu 0-0: Foul Ball, location: 2F
0-1: DOUBLE (Groundball, 3L)
Batting: LHB Francisco Torres 0-0: Swinging Strike
0-1: Called Strike
0-2: Ball
1-2: Foul Ball, location: 2F
1-2: Foul Ball, location: 2F
1-2: Ground out 4-3 (Groundball, 4)
Run-ming Zhu to third
Batting: LHB Ben Moss 0-0: Ball
1-0: Ball
2-0: Foul Ball, location: 2F
2-1: Ball
3-1: Ground out 6-3 (Groundball, 6)
Run-ming Zhu scores
Batting: LHB Jack Hewat 0-0: DOUBLE (Flyball, 78M)
Batting: SHB Jack Fountain 0-0: Ground out 5-3 (Groundball, 56S)
Top of the 2nd over - 2 run(s), 3 hit(s), 0 error(s), 1 left on base; Kalamazoo 2 - Austin 0
BOTTOM OF THE 2ND
Austin River Sharks batting - Pitching for Kalamazoo Royale with Cheese : RHP Stan Stewart
Pitching: RHP Stan Stewart
Batting: RHB José Balina 0-0: Called Strike
0-1: SINGLE (Groundball, 4MD)
Batting: LHB Pedro Zaragoza 0-0: Foul Ball, location: 2F
0-1: Ball
1-1: Foul Ball, location: 2F
1-2: Foul Ball, location: 2F
1-2: Strikes out swinging
Batting: RHB Rich Ruffin 0-0: Ball
1-0: Foul Ball, location: 2F
1-1: Fly out, F8 (Flyball, 8RXD)
Batting: RHB Kenneth Roberts 0-0: Ball
1-0: Swinging Strike
1-1: Ball
2-1: Foul Ball, location: 2F
2-2: Ball
3-2: Foul Ball, location: 2F
3-2: Foul Ball, location: 2F
3-2: Fly out, F6 (Popup, 5DF)
Bottom of the 2nd over - 0 run(s), 1 hit(s), 0 error(s), 1 left on base; Kalamazoo 2 - Austin 0
TOP OF THE 3RD
Kalamazoo Royale with Cheese batting - Pitching for Austin River Sharks : RHP Ramón Estrada
Batting: LHB Bryce Hopkins 0-0: SINGLE (Groundball, 34D)
Batting: RHB Eugenio Lucero 0-0: Ball
1-0: Ball
2-0: Ball
3-0: Base on Balls
Bryce Hopkins to second
Batting: LHB Robbie McLaughlin 0-0: Ball
1-0: Ball
2-0: Ball
3-0: Called Strike
3-1: Foul Ball, location: 2F
3-2: 3-RUN HOME RUN (Flyball, 7D), Distance : 412 ft
Batting: LHB Stan Hickman 0-0: Called Strike
0-1: Swinging Strike
0-2: Foul Ball, location: 2F
0-2: Ball
1-2: SOLO HOME RUN (Flyball, 8LD), Distance : 419 ft
Batting: RHB Run-ming Zhu 0-0: Ball
1-0: Ball
2-0: Foul Ball, location: 2F
2-1: Ball
3-1: Base on Balls
Batting: LHB Francisco Torres 0-0: Ball
1-0: Foul Ball, location: 2F
1-1: Ball
2-1: Swinging Strike
2-2: Foul Ball, location: 2F
2-2: Foul Ball, location: 2F
2-2: Foul Ball, location: 2F
2-2: Ball
3-2: Grounds into double play, U3-6 (Groundball, 3L)
Batting: LHB Ben Moss 0-0: Ball
1-0: Ball
2-0: Called Strike
2-1: Ball
3-1: Foul Ball, location: 2F
3-2: Base on Balls
Batting: LHB Jack Hewat 0-0: Ground out 4-3 (Groundball, 4)
Top of the 3rd over - 4 run(s), 3 hit(s), 0 error(s), 1 left on base; Kalamazoo 6 - Austin 0
BOTTOM OF THE 3RD
Austin River Sharks batting - Pitching for Kalamazoo Royale with Cheese : RHP Stan Stewart
Batting: LHB Terry Maloney 0-0: Fly out, F7 (Line Drive, 78S)
Batting: SHB Juan Acevado 0-0: Called Strike
0-1: Ball
1-1: Foul Ball, location: 2F
1-2: Strikes out swinging
Batting: RHB Tyler Wagner 0-0: Swinging Strike
0-1: SINGLE (Line Drive, 6D)
Batting: SHB Juan Castro 0-0: Ball
1-0: Ball
2-0: 2-RUN HOME RUN (Line Drive, 9LD), Distance : 368 ft
Batting: LHB Roberto García 0-0: Called Strike
0-1: Ground out 4-3 (Groundball, 4)
Bottom of the 3rd over - 2 run(s), 2 hit(s), 0 error(s), 0 left on base; Kalamazoo 6 - Austin 2
TOP OF THE 4TH
Kalamazoo Royale with Cheese batting - Pitching for Austin River Sharks : RHP Ramón Estrada
Batting: SHB Jack Fountain 0-0: Ground out U3 (Groundball, 3S)
Batting: LHB Bryce Hopkins 0-0: Ball
1-0: Ball
2-0: Ground out 4-3 (Groundball, 34)
Batting: RHB Eugenio Lucero 0-0: Foul Ball, location: 2F
0-1: Ball
1-1: Foul Ball, location: 2F
1-2: Foul Ball, location: 2F
1-2: Foul Ball, location: 2F
1-2: Ground out 6-3 (Groundball, 6)
Top of the 4th over - 0 run(s), 0 hit(s), 0 error(s), 0 left on base; Kalamazoo 6 - Austin 2
BOTTOM OF THE 4TH
Austin River Sharks batting - Pitching for Kalamazoo Royale with Cheese : RHP Stan Stewart
Batting: RHB José Balina 0-0: Ball
1-0: Ball
2-0: Foul Ball, location: 2F
2-1: Ground out 1-3 (Groundball, 13S)
Batting: LHB Pedro Zaragoza 0-0: SINGLE (Flyball, 7LS)
Batting: RHB Rich Ruffin 0-0: Ball
1-0: Called Strike
Pedro Zaragoza steals 2nd base
1-1: Called Strike
1-2: Strikes out swinging
Batting: RHB Kenneth Roberts 0-0: Ball
1-0: Called Strike
1-1: Ball
2-1: Called Strike
2-2: 2-RUN HOME RUN (Flyball, 78XD), Distance : 417 ft
Batting: LHB Terry Maloney 0-0: Ball
1-0: SINGLE (Groundball, 3D)
Batting: SHB Juan Acevado 0-0: Swinging Strike
0-1: Called Strike
0-2: Foul Ball, location: 2F
0-2: Ball
1-2: Ball
2-2: SINGLE (Groundball, 4MD) (infield hit)
Terry Maloney to second
Pitching: RHP Juan González
Batting: RHB Tyler Wagner 0-0: Swinging Strike
0-1: Called Strike
0-2: Ball
1-2: SINGLE (Flyball, 8RS)
Terry Maloney to third
Juan Acevado to second
Runner from 3rd tries for Home, SAFE, no throw or cutoff
Batting: SHB Juan Castro 0-0: Ball
1-0: Foul Ball, location: 2F
1-1: Fly out, F8 (Flyball, 8RD)
Bottom of the 4th over - 3 run(s), 5 hit(s), 0 error(s), 2 left on base; Kalamazoo 6 - Austin 5
TOP OF THE 5TH
Kalamazoo Royale with Cheese batting - Pitching for Austin River Sharks : RHP Ramón Estrada
Batting: LHB Robbie McLaughlin 0-0: Ball
1-0: Ball
2-0: Called Strike
2-1: Ground out U3 (Groundball, 3L)
Batting: LHB Stan Hickman 0-0: Ball
1-0: Foul Ball, location: 2F
1-1: Called Strike
1-2: Ball
2-2: Ball
3-2: Base on Balls
Batting: RHB Run-ming Zhu 0-0: Ball
1-0: Foul Ball, location: 2F
1-1: Fly out, F8 (Flyball, 8LXD)
Batting: LHB Francisco Torres 0-0: Ball
1-0: Ball
2-0: Called Strike
2-1: Foul Ball, location: 2F
2-2: DOUBLE (Line Drive, 7LS)
Stan Hickman to third
Batting: LHB Ben Moss 0-0: Ball
1-0: Ball
2-0: Foul Ball, location: 2F
2-1: Ball
3-1: Base on Balls
Batting: LHB Jack Hewat 0-0: Called Strike
0-1: Ball
1-1: Ball
2-1: Ball
3-1: Base on Balls
Stan Hickman scores
Francisco Torres to third
Ben Moss to second
Pitching: RHP Daniel Morris
Batting: SHB Jack Fountain 0-0: GRAND SLAM HOME RUN (Line Drive, 8LXD), Distance : 427 ft
Batting: LHB Bryce Hopkins 0-0: Called Strike
0-1: Foul Ball, location: 2F
0-2: Ball
1-2: Ball
2-2: Ball
3-2: Foul Ball, location: 2F
3-2: Ground out 4-3 (Groundball, 4)
Top of the 5th over - 5 run(s), 2 hit(s), 0 error(s), 0 left on base; Kalamazoo 11 - Austin 5
BOTTOM OF THE 5TH
Austin River Sharks batting - Pitching for Kalamazoo Royale with Cheese : RHP Juan González
Batting: LHB Roberto García 0-0: Fly out, F7 (Flyball, 7M)
Batting: RHB José Balina 0-0: Ball
1-0: Called Strike
1-1: Ground out 4-3 (Groundball, 4)
Batting: LHB Pedro Zaragoza 0-0: Ground out 6-3 (Groundball, 6)
Bottom of the 5th over - 0 run(s), 0 hit(s), 0 error(s), 0 left on base; Kalamazoo 11 - Austin 5
TOP OF THE 6TH
Kalamazoo Royale with Cheese batting - Pitching for Austin River Sharks : RHP Daniel Morris
Batting: RHB Eugenio Lucero 0-0: Swinging Strike
0-1: Ball
1-1: SINGLE (Groundball, 56D) (infield hit)
Batting: LHB Robbie McLaughlin 0-0: Called Strike
0-1: Grounds into double play, 1-6-3 (Groundball, 13S)
Batting: LHB Stan Hickman 0-0: Called Strike
0-1: Swinging Strike
0-2: Ball
1-2: Ball
2-2: Ball
3-2: Base on Balls
Batting: RHB Run-ming Zhu 0-0: Ball
1-0: Swinging Strike
1-1: Foul Ball, location: 2F
1-2: Strikes out swinging
Top of the 6th over - 0 run(s), 1 hit(s), 0 error(s), 1 left on base; Kalamazoo 11 - Austin 5
BOTTOM OF THE 6TH
Austin River Sharks batting - Pitching for Kalamazoo Royale with Cheese : RHP Juan González
Batting: RHB Rich Ruffin 0-0: Ball
1-0: Ground out 4-3 (Groundball, 4)
Batting: RHB Kenneth Roberts 0-0: Ball
1-0: Ball
2-0: Ball
3-0: Base on Balls
Batting: LHB Terry Maloney 0-0: Foul Ball, location: 2F
0-1: Ball
1-1: Ball
2-1: 2-RUN HOME RUN (Flyball, 9D), Distance : 403 ft
Batting: SHB Juan Acevado 0-0: Ball
1-0: Ball
2-0: Ground out 4-3 (Groundball, 4M)
Batting: RHB Tyler Wagner 0-0: Ball
1-0: Ball
2-0: Ball
3-0: Ground out U3 (Groundball, 3)
Bottom of the 6th over - 2 run(s), 1 hit(s), 0 error(s), 0 left on base; Kalamazoo 11 - Austin 7
TOP OF THE 7TH
Kalamazoo Royale with Cheese batting - Pitching for Austin River Sharks : RHP Daniel Morris
Pitching: RHP Soichiro Ikeda
Batting: LHB Francisco Torres 0-0: Fly out, F7 (Flyball, 78M)
Batting: LHB Ben Moss 0-0: Swinging Strike
0-1: Ball
1-1: Ball
2-1: Swinging Strike
2-2: Strikes out swinging
Batting: LHB Jack Hewat 0-0: Ball
1-0: Ground out 6-3 (Groundball, 6)
Top of the 7th over - 0 run(s), 0 hit(s), 0 error(s), 0 left on base; Kalamazoo 11 - Austin 7
BOTTOM OF THE 7TH
Austin River Sharks batting - Pitching for Kalamazoo Royale with Cheese : RHP Juan González
Pitching: RHP Rikiya Sakurai
Batting: SHB Juan Castro 0-0: Called Strike
0-1: Called Strike
0-2: Ball
1-2: Ball
2-2: Strikes out swinging
Batting: LHB Roberto García 0-0: Ball
1-0: SOLO HOME RUN (Flyball, 8LXD), Distance : 430 ft
Batting: RHB José Balina 0-0: Ball
1-0: Foul Ball, location: 2F
1-1: SINGLE (Groundball, 4M)
Batting: LHB Pedro Zaragoza 0-0: Swinging Strike
0-1: Foul Ball, location: 2F
0-2: SINGLE (Line Drive, 4D)
José Balina to second
Batting: RHB Rich Ruffin 0-0: Grounds into double play, 6-4-3 (Groundball, 6)
Bottom of the 7th over - 1 run(s), 3 hit(s), 0 error(s), 1 left on base; Kalamazoo 11 - Austin 8
TOP OF THE 8TH
Kalamazoo Royale with Cheese batting - Pitching for Austin River Sharks : RHP Soichiro Ikeda
Batting: SHB Jack Fountain 0-0: SINGLE (Groundball, 4MD)
Batting: LHB Bryce Hopkins 0-0: Ball
1-0: Bunted foul
1-1: Bunted foul
1-2: Ball
2-2: Strikes out swinging
Batting: RHB Eugenio Lucero 0-0: Ball
1-0: Swinging Strike
1-1: Called Strike
1-2: Ball
2-2: Ball
3-2: Strikes out looking
Jack Fountain steals 2nd base
Batter strikes out.
Batting: LHB Robbie McLaughlin 0-0: SINGLE (Line Drive, 89S)
Jack Fountain to third
Throwing error, E9
Jack Fountain scores
Robbie McLaughlin to second
Batting: LHB Stan Hickman 0-0: Ball
1-0: Ball
Wild Pitch!
Robbie McLaughlin to third
2-0: Ball
3-0: Base on Balls
Batting: RHB Run-ming Zhu 0-0: Called Strike
0-1: Foul Ball, location: 2F
0-2: Ball
1-2: Ball
2-2: Foul Ball, location: 2F
2-2: Strikes out looking
Top of the 8th over - 1 run(s), 2 hit(s), 1 error(s), 2 left on base; Kalamazoo 12 - Austin 8
BOTTOM OF THE 8TH
Austin River Sharks batting - Pitching for Kalamazoo Royale with Cheese : RHP Rikiya Sakurai
Batting: RHB Kenneth Roberts 0-0: Ball
1-0: Called Strike
1-1: Ball
2-1: Called Strike
2-2: Ball
3-2: Ground out 5-3 (Groundball, 5L)
Batting: LHB Terry Maloney 0-0: Ball
1-0: Ball
2-0: Called Strike
2-1: Ball
3-1: Called Strike
Reached via error on a dropped throw, E3
Pitching: RHP Fergus Wakeford
Batting: SHB Juan Acevado 0-0: Swinging Strike
0-1: Foul Ball, location: 2F
0-2: Ball
1-2: Ball
2-2: Ball
3-2: Base on Balls
Terry Maloney to second
Batting: RHB Tyler Wagner 0-0: Ball
1-0: Ball
2-0: Ball
3-0: Called Strike
3-1: Base on Balls
Terry Maloney to third
Juan Acevado to second
Pitching: LHP Gian-Andrea Nota
Batting: SHB Juan Castro 0-0: Called Strike
0-1: Ball
1-1: Foul Ball, location: 2F
1-2: Strikes out swinging
Batting: LHB Roberto García 0-0: Ball
1-0: Ball
2-0: Foul Ball, location: 2F
2-1: Called Strike
2-2: Foul Ball, location: 2F
2-2: Foul Ball, location: 2F
2-2: Ball
3-2: Ground out 1-3 (Groundball, 13S)
Bottom of the 8th over - 0 run(s), 0 hit(s), 1 error(s), 3 left on base; Kalamazoo 12 - Austin 8
TOP OF THE 9TH
Kalamazoo Royale with Cheese batting - Pitching for Austin River Sharks : RHP Soichiro Ikeda
Batting: LHB Francisco Torres 0-0: Ground out U3 (Groundball, 3S)
Batting: LHB Ben Moss 0-0: Foul Ball, location: 2F
0-1: Ball
1-1: Foul Ball, location: 2F
1-2: SOLO HOME RUN (Flyball, 9LD), Distance : 368 ft
Batting: LHB Jack Hewat 0-0: Ball
1-0: Ball
2-0: Foul Ball, location: 2F
2-1: Called Strike
2-2: Ball
3-2: Foul Ball, location: 2F
3-2: Strikes out swinging
Batting: SHB Jack Fountain 0-0: Fly out, F7 (Flyball, 7LM)
Top of the 9th over - 1 run(s), 1 hit(s), 0 error(s), 0 left on base; Kalamazoo 13 - Austin 8
BOTTOM OF THE 9TH
Austin River Sharks batting - Pitching for Kalamazoo Royale with Cheese : LHP Gian-Andrea Nota
Batting: RHB José Balina 0-0: Ball
1-0: Ball
2-0: Called Strike
2-1: Foul Ball, location: 2F
2-2: Foul Ball, location: 2F
2-2: Ground out 6-3 (Groundball, 6M)
Batting: LHB Pedro Zaragoza 0-0: Called Strike
0-1: Ball
1-1: Ball
2-1: Swinging Strike
2-2: Strikes out looking
Batting: RHB Rich Ruffin 0-0: Called Strike
0-1: Ball
1-1: Ball
2-1: Ball
3-1: Ground out 4-3 (Groundball, 4M)
Bottom of the 9th over - 0 run(s), 0 hit(s), 0 error(s), 0 left on base; Kalamazoo 13 - Austin 8
This league is powered by Out of the Park Baseball, the baseball management simulation game for PC, Mac and Linux
Saturday, April 9th, 2016 - OOTP Baseball 16.8 Build 38